 Dungeon Crawl Stone Soup version 0.30-a0-782-ge64f9170bb (webtiles) character file.

Game seed: 13407687761696539797

78 112233 the Vexing (level 4, -3/25 HPs)
             Began as a Deep Elf Hexslinger on Feb 28, 2023.
             Slain by an orc
             ... wielding a +0 flail
              (7 damage)
             ... on level 3 of the Dungeon.
             The game lasted 00:01:40 (1109 turns).

112233 the Vexing (Deep Elf Hexslinger)             Turns: 1109, Time: 00:01:40

Health: -3/25      AC:  2    Str:  5    XL:     4   Next: 15%
Magic:  9/10       EV: 13    Int: 20    God:
Gold:   29         SH:  4    Dex: 15    Spells: 8/9 levels left

rFire   + . .      SeeInvis .    a - +1 sling
rCold   + . .      Faith    .    (no shield)
rNeg    . . .      Spirit   .    c - +0 robe
rPois   +          Reflect  .    (no helmet)
rElec   +          Harm     .    (no cloak)
rCorr   +          Rampage  .    (no gloves)
Will    .....                    (no boots)
Stlth   +                        (no amulet)
HPRegen 0.24/turn                (no ring)
MPRegen 0.12/turn                (no ring)

@: resistant
A: large bone plates 1, weak 1
a: no special abilities


You were on level 3 of the Dungeon.
You visited 1 branch of the dungeon, and saw 3 of its levels.

You collected 29 gold pieces.

Inventory:

Hand Weapons
 a - a +1 sling (weapon)
Armour
 c - a +0 robe (worn)
Jewellery
 h - a ring of positive energy
Wands
 k - a wand of paralysis (7)
Scrolls
 b - a scroll of poison
 d - a scroll of teleportation {unknown}
 e - a scroll of immolation {unknown}
 i - a scroll of fear {unknown}
 j - a scroll of blinking {unknown}
Potions
 g - a potion of resistance
 l - a potion of lignification {unknown}


   Skills:
 + Level 1.2 Fighting
 * Level 4.0 Ranged Weapons
 + Level 3.1 Dodging
 * Level 3.1 Spellcasting
 + Level 4.4 Hexes


You had 8 spell levels left.
You knew the following spells:

 Your Spells              Type           Power      Damage    Failure   Level
a - Slow                  Hex            80%        N/A       2%          1

Your spell library contained the following spells:

 Spells                   Type           Power      Damage    Failure   Level
 Inner Flame              Hex/Fire       11%        N/A       17%         3
 Portal Projectile        Hex/Tloc       22%        N/A       17%         3
 Cigotuvi's Dreadful Rot  Necr/Pois/Air  6%         N/A       22%         2
 Poisonous Vapours        Pois/Air       6%         N/A       22%         2
 Cause Fear               Hex            10%        N/A       22%         4
 Mephitic Cloud           Conj/Pois/Air  3%         N/A       38%         3


Dungeon Overview and Level Annotations

Branches:
Dungeon (3/15)

Altars:


Innate Abilities, Weirdness & Mutations

You are partially covered in large bone plates. (SH +4)
You are weak. (Str -2)


Message History

You shoot a sling bullet.
The sling bullet closely misses the orc.
The orc closely misses you. The orc hits you with a +0 rapier.
You shoot a sling bullet. The sling bullet hits the orc.
The orc is heavily wounded.
The orc closely misses you. The orc barely misses you.
Casting: Slow (safe; 2% risk of failure)
Confirm with . or Enter, or press ? or * to list all spells.
Aiming: Slow (safe; 2% risk of failure)
Press: ? - help, Shift-Dir - straight line, f/p - orc
Aim: an orc, wielding a +0 rapier (heavily wounded, chance to affect: 70%)
The orc seems to slow down.
The orc closely misses you. The orc barely misses you.
Unknown command.
Casting: Slow (safe; 2% risk of failure)
Confirm with . or Enter, or press ? or * to list all spells.
Aiming: Slow (safe; 2% risk of failure)
Press: ? - help, Shift-Dir - straight line, f/p - orc
Aim: an orc, wielding a +0 rapier (heavily wounded, slow, chance to affect: 70%)
The orc seems to slow down.
The orc barely misses you.
Unknown command.
You shoot a sling bullet. The sling bullet hits the orc.
The orc is heavily wounded.
The orc hits you with a +0 flail. The orc hits you with a +0 flail!
Unknown command.
It was a potion of resistance.
You feel protected. The orc closely misses you.
The orc hits you with a +0 flail.
* * * LOW HITPOINT WARNING * * *
Unknown command.
The orc attacks as you move away! The orc closely misses you.
It was a potion of mutation.
You feel extremely strange.
You feel weaker.
Large bone plates grow over parts of your arms.
The orc closely misses you.
Unknown command.
The orc attacks as you move away! The orc hits you with a +0 dagger.
* * * LOW HITPOINT WARNING * * *
The orc hits you with a +0 flail!
You die...

.'.. #.#. #). ##########
##.#. ##)#####........#
#.... #[..............#
##### #...............#
#...............#
#...............##
#................##########
########o.o@.....#........#
#..o......#........#
######...)#........#
#....#........#
#.............#
######........# #........#
#........# #........#


You could see 3 orcs.

Vanquished Creatures
  2 gnolls (D:1)
  An adder (D:3)
  An orc (D:3)
  6 ball pythons
  9 bats
  5 endoplasms
  2 giant cockroaches
  A goblin (D:1)
  3 hobgoblins (D:1)
  5 kobolds
  A quokka (D:1)
  5 frilled lizards
  5 rats
46 creatures vanquished.

Notes
Turn   | Place    | Note
-------+----------+-------------------------------------------
     0 | D:1      | 112233 the Deep Elf Hexslinger began the quest for the Orb.
     0 | D:1      | Reached XP level 1. HP: 11/11 MP: 5/5
   199 | D:1      | Reached XP level 2. HP: 16/16 MP: 7/7
   203 | D:1      | Reached skill level 1 in Fighting
   510 | D:1      | Reached XP level 3. HP: 20/20 MP: 9/9
  1087 | D:3      | Reached XP level 4. HP: 25/25 MP: 10/10
  1108 | D:3      | Gained mutation: You are weak. (Str -2) [potion of
                  | mutation]
  1108 | D:3      | Gained mutation: You are partially covered in large bone
                  | plates. (SH +4) [potion of mutation]
  1109 | D:3      | Slain by an orc

Illustrated notes

Levels and vault maps discovered:
D:1:      matt_arrival_spirals, layout_loops_ring
D:2:      layout_rooms, minmay_misc_feat_doors
D:3:      layout_basic, nicolae_sif_muna_little_library

Skill      XL: |  1  2  3  4 |
---------------+-------------+-----
Ranged Weapons | 3 4 |  4.0
Spellcasting   | 2 3 |  3.1
Fighting       | 1 |  1.2
Dodging        | 3 |  3.1
Hexes          | |  4.4

Action                     |  1- 3 |  4- 6 || total
---------------------------+-------+-------++-------
   Fire: Sling             |    99 |    11 ||   110
   Cast: Slow              |     6 |     2 ||     8
    Use: Potion            |       |     2 ||     2
 Armour: Robe              |    10 |     2 ||    12
  Dodge: Dodged            |    26 |    14 ||    40

Table legend: (Time is in decaauts)
 A = Elapsed time spent in this place.
 B = Non-inter-level travel time spent in this place.
 C = Inter-level travel time spent in this place.
 D = Time resting spent in this place.
 E = Time spent auto-exploring this place.
 F = Levels seen in this place.
 G = Mean time per level.
                   A        B        C        D        E       F      G
               +--------+--------+--------+--------+--------+-----+--------+
         Total |   1134 |   1125 |      9 |     29 |    881 |   3 |  378.0 |
       Dungeon |   1134 |   1125 |      9 |     29 |    881 |   3 |  378.0 |
               +--------+--------+--------+--------+--------+-----+--------+

Top non-repeatable levels by time:
     D:1: 868 daAuts
     D:3: 258 daAuts
     D:2: 7 daAuts
